 Dungeon Crawl Stone Soup version 0.28-a0-1613-gdaab1c2f9b (webtiles) character file.

Game seed: 11496310134513179333

2086 hashsling the Grave Robber (level 9, -8/66 HPs)
             Began as a Demonspawn Hedge Wizard on Jan 21, 2022.
             Was a Follower of Makhleb.
             Mangled by Maggie (12 damage)
             ... on level 7 of the Dungeon.
             The game lasted 00:39:11 (11434 turns).

hashsling the Grave Robber (DsWz)                  Turns: 11434, Time: 00:39:11

Health: -8/66      AC:  4    Str: 10    XL:     9   Next: 6%
Magic:  16/17      EV: 13    Int: 27    God:    Makhleb [*.....]
Gold:   301        SH:  0    Dex: 10    Spells: 3/19 levels left

rFire   . . .      SeeInvis .   r - +2 mace of Noohoera {drain, rC+ Will+ Int+8 Dex-4}
rCold   + + +      Faith    .   (no shield)
rNeg    . . .      Spirit   .   b - +0 robe
rPois   .          Reflect  .   (helmet unavailable)
rElec   +          Harm     .   l - +0 cloak
rCorr   .          Rampage  .   (no gloves)
Will    ++...                   w - +0 pair of boots
Stlth   ++........              (no amulet)
HPRegen 0.21/turn               u - ring "Cur Yth" {rElec Will+}
MPRegen 0.15/turn               g - ring of protection from cold

@: mesmerised
A: hooves 2, horns 3, demonic guardian 1, weakness stinger 2, cold resistance 1
a: Renounce Religion


You were on level 7 of the Dungeon.
You worshipped Makhleb.
Makhleb was aware of your devotion.
You visited 2 branches of the dungeon, and saw 8 of its levels.

You collected 301 gold pieces.

Inventory:

Hand Weapons
 d - a +0 shortbow
 q - a +2 dagger of speed
 r - the +2 mace of Noohoera (weapon) {drain, rC+ Will+ Int+8 Dex-4}
   (You found it on level 4 of the Dungeon)

   A truly terrible weapon, it drains the life of any living foe it strikes.
   Int:       It affects your intelligence (+8).
   Dex:       It affects your dexterity (-4).
   rC:        It protects you from cold.
   Will:      It increases your willpower.
Missiles
 k - 57 arrows
Armour
 a - a +0 buckler
 b - a +0 robe (worn)
 c - a +0 hat
 j - a +0 leather armour
 l - a +0 cloak (worn)
 w - a +0 pair of boots (worn)
Magical Staves
 f - a staff of death
Jewellery
 g - a ring of protection from cold (right hand)
 s - a ring of ice
 u - the ring "Cur Yth" (left hand) {rElec Will+}
   (You found it on level 5 of the Dungeon)

   [ring of willpower]

   rElec:     It insulates you from electricity.
   Will:      It increases your willpower.
 z - a +6 ring of dexterity
Wands
 y - a wand of polymorph (3)
 E - a wand of paralysis (9)
Scrolls
 m - 3 scrolls of teleportation
 n - a scroll of magic mapping
 o - 3 scrolls of enchant weapon {unknown}
 t - a scroll of vulnerability {unknown}
 v - a scroll of brand weapon {unknown}
 A - 2 scrolls of identify {unknown}
 B - 2 scrolls of amnesia {unknown}
Potions
 e - a potion of invisibility {unknown}
 i - 2 potions of flight {unknown}
 p - 2 potions of haste {unknown}
 x - a potion of lignification {unknown}
 C - a potion of brilliance {unknown}
 D - a potion of mutation {unknown}


   Skills:
 + Level 4.7 Fighting
 - Level 2.9(3.1) Maces & Flails
 + Level 1.7(2.6) Staves
 + Level 5.0 Dodging
 - Level 2.0 Stealth
 + Level 5.6 Spellcasting
 - Level 2.0 Conjurations
 - Level 2.0 Summonings
 * Level 6.4 Necromancy
 - Level 1.0 Translocations


You had 3 spell levels left.
You knew the following spells:

 Your Spells              Type           Power      Damage    Failure   Level
a - Magic Dart            Conj           72%        1d6       3%          1
b - Blink                 Tloc           24%        N/A       7%          2
c - Call Imp              Summ           18%        N/A       4%          2
d - Pain                  Necr           100%       1d9       1%          1
e - Animate Skeleton      Necr           84%        N/A       1%          1
f - Vampiric Draining     Necr           42%        2d9       1%          3
g - Mephitic Cloud        Conj/Pois/Air  11%        N/A       16%         3
h - Ignite Poison         Fire/Tmut/Pois 7%         N/A       21%         3

Your spell library contained the following spells:

 Spells                   Type           Power      Damage    Failure   Level
 Slow                     Hex            28%        N/A       7%          1
 Conjure Flame            Conj/Fire      13%        6-21      13%         3
 Dazzling Flash           Conj/Hex       26%        N/A       13%         3
 Inner Flame              Hex/Fire       7%         N/A       21%         3
 Iskenderun's Mystic Bla  Conj/Tloc      15%        2d5       34%         4
 Sticky Flame             Conj/Fire      13%        2d4       41%         4
 Cause Fear               Hex            3%         N/A       56%         4
 Starburst                Conj/Fire      6%         6d4       100%        6
 Discord                  Hex            3%         N/A       100%        8
 Chain Lightning          Conj/Air       6%         3d8       100%        9
 Fire Storm               Conj/Fire      6%         8d2       100%        9
 Shatter                  Erth           3%         3d7*      100%        9


Dungeon Overview and Level Annotations

Branches:
Dungeon (7/15)             Temple (1/1) D:4

Altars:
Ashenzari
Cheibriados
Dithmenos
Elyvilon
Gozag
Hepliaklqana
Kikubaaqudgha
Makhleb
Nemelex Xobeh
Okawaru
Qazlal
Ru
Trog
Uskayaw
Vehumet
Xom
Yredelemnul
Zin
The Shining One

Shops:
D:4 *

Annotations:
D:7 Maggie


Innate Abilities, Weirdness & Mutations

You have hoof-like feet.
You have a pair of large horns on your head.
A weak demonic guardian rushes to your aid.
You have a tail ending in a sharp stinger.
Your flesh is cold resistant. (rC+)


Message History

Press: ? - help, Shift-Dir - straight line, f/p - Maggie
Aim: Maggie, wielding a +1 scimitar of flaming and wearing +0 acid dragon scales (moderately wounded, chance to affect: 49%) Maggie resists with some effort.
You feel much better.
Maggie says, "Fear not.
I will immortalize you in the tale of my first kill."
Maggie hits you with a +1 scimitar of flaming!
* * * LOW HITPOINT WARNING * * *
Maggie burns you.
* * * LOW HITPOINT WARNING * * *
Casting: Magic Dart (safe; 4% risk of failure)
Confirm with . or Enter, or press ? or * to list all spells.
A beastly little devil appears in a puff of flame.
Maggie gestures wildly while chanting.
Maggie attempts to bespell you!
You are mesmerised by Maggie!
You hit Maggie but do no damage. Your headbutt misses Maggie.
Maggie is moderately wounded.
Maggie completely misses you.
Your crimson imp hits Maggie but does no damage.
You barely miss Maggie. You headbutt Maggie, but do no damage.
Maggie is moderately wounded.
Maggie mumbles the words to a spell, but in the wrong order.
Maggie barely misses you.
Your crimson imp hits Maggie but does no damage.
You feel clever.
You feel clumsy.
You sense an unholy aura.
r - the +2 mace of Noohoera (weapon)
{drain, rC+ Will+ Int+8 Dex-4} Maggie closely misses you.
You barely miss Maggie.
Maggie is moderately wounded.
Your crimson imp hits Maggie but does no damage.
Maggie hits you with a +1 scimitar of flaming!
* * * LOW HITPOINT WARNING * * *
A demonic guardian appears!
Maggie burns you.
* * * LOW HITPOINT WARNING * * *
You swap places.
Your crimson imp hits Maggie but does no damage.
Maggie hits you with a +1 scimitar of flaming!
You die...

## #.
#.#########
#.#5@5)....
#.#@#########
#.#.#...<...#
#.#....#.##.#
#...#..#..#.#
#.#.......#.#
#.#.#<......#
#.#.#.#######
#.....).....#
#...#.#####.#


You could see Maggie (mesmerising, ally target), a friendly crimson imp
(summoned) and a friendly shadow imp (summoned).

Vanquished Creatures
  A wyvern (D:7)
  Edmund (D:5)
  A sky beast (D:6)
  A black bear (D:6)
  A hornet zombie (D:7)
  A centaur (D:3)
  An ogre (D:6)
  A kobold brigand (D:7)
  2 gnoll sergeants (D:5)
  A water moccasin zombie (D:5)
  2 wights (D:6)
  2 bullfrog skeletons (D:6)
  A centaur skeleton (D:5)
  3 iguanas
  An orc wizard (D:5)
  9 gnolls
  3 adders
  A white imp (D:6)
  An ufetubus (D:6)
  2 worms (D:2)
  5 dart slugs
  13 orcs
  8 endoplasms
  2 giant cockroaches
  7 goblins
  8 hobgoblins
  4 jackals (D:4)
  4 quokkas
  3 ball pythons
  8 frilled lizards
  17 kobolds
  9 rats
124 creatures vanquished.

Vanquished Creatures (collateral kills)
  A kobold demonologist (D:6)
  A black bear (D:5)
  An ogre (D:5)
  A kobold brigand (D:7)
  A water moccasin zombie (D:7)
  4 gnolls
  An adder (D:5)
  An ufetubus (D:6)
  An orc (D:4)
  4 kobolds (D:7)
  5 frilled lizards (D:5)
21 creatures vanquished.

Vanquished Creatures (others)
  3 fungi (D:7)
  7 plants (D:5)
10 creatures vanquished.

Grand Total: 155 creatures vanquished

Notes
Turn   | Place    | Note
-------+----------+-------------------------------------------
     0 | D:1      | hashsling the Demonspawn Hedge Wizard began the quest for
                  | the Orb.
     0 | D:1      | Reached XP level 1. HP: 13/13 MP: 4/4
   436 | D:1      | Reached skill level 1 in Translocations
   618 | D:1      | Discovered your monstrous ancestry.
   618 | D:1      | Gained mutation: You have a small tail. [demonic ancestry]
   618 | D:1      | Reached XP level 2. HP: 19/19 MP: 4/6
  1460 | D:2      | Learned a level 2 spell: Blink
  1463 | D:2      | Learned a level 2 spell: Call Imp
  1731 | D:2      | Gained mutation: You have a pair of small horns on your
                  | head. [demonic ancestry]
  1731 | D:2      | Reached XP level 3. HP: 24/24 MP: 4/7
  2870 | D:2      | Gained mutation: You have large cloven feet. [demonic
                  | ancestry]
  2870 | D:2      | Reached XP level 4. HP: 16/31 MP: 6/9
  3235 | D:2      | Reached skill level 1 in Fighting
  3809 | D:3      | Found a faded altar of an unknown god.
  4273 | D:3      | Found a hide-covered altar of Uskayaw.
  4306 | D:3      | Noticed a centaur
  4318 | D:3      | Gained mutation: You have a pair of horns on your head.
                  | [demonic ancestry]
  4318 | D:3      | Reached XP level 5. HP: 16/37 MP: 3/10
  4576 | D:3      | Killed a centaur
  5093 | D:4      | Found a sparkling altar of Nemelex Xobeh.
  5116 | D:4      | Found a staircase to the Ecumenical Temple.
  5177 | Temple   | Entered the Ecumenical Temple
  5385 | Temple   | Became a worshipper of Makhleb the Destroyer
  5577 | D:4      | Identified the +2 mace of Noohoera {drain, rC+ Will+ Int+8
                  | Dex-4}
  5582 | D:4      | Learned a level 1 spell: Pain
  5584 | D:4      | Learned a level 1 spell: Animate Skeleton
  5588 | D:4      | Learned a level 3 spell: Vampiric Draining
  5634 | D:4      | Found Zin's Purification Station.
  5744 | D:4      | Gained mutation: A weak demonic guardian rushes to your
                  | aid. [demonic ancestry]
  5744 | D:4      | Reached XP level 6. HP: 46/46 MP: 8/12
  6534 | D:5      | Entered Level 5 of the Dungeon
  6562 | D:5      | Identified the ring "Cur Yth" {rElec Will+}
  6655 | D:5      | Reached skill level 1 in Necromancy
  6948 | D:5      | Reached skill level 2 in Necromancy
  7033 | D:5      | Reached * piety under Makhleb
  7167 | D:5      | Reached skill level 1 in Maces & Flails
  7167 | D:5      | Gained mutation: You have hoof-like feet. [demonic
                  | ancestry]
  7167 | D:5      | Reached XP level 7. HP: 11/52 MP: 9/13
  7174 | D:5      | HP: 1/52 [iguana (6)]
  7179 | D:5      | HP: 2/52 [frilled lizard (2)]
  7612 | D:5      | Reached skill level 3 in Necromancy
  7691 | D:5      | Noticed Edmund
  7699 | D:5      | Killed Edmund
  8023 | D:5      | Learned a level 3 spell: Mephitic Cloud
  8337 | D:5      | HP: 2/52 [ogre (9)]
  8344 | D:5      | Reached skill level 4 in Necromancy
  8809 | D:6      | Noticed a kobold demonologist
  8815 | D:6      | Noticed a neqoxec
  8823 | D:6      | Gained mutation: Your flesh is cold resistant. (rC+) [a
                  | neqoxec]
  8825 | D:6      | Killed a kobold demonologist
  8826 | D:6      | Reached skill level 5 in Spellcasting
  8826 | D:6      | Gained mutation: You have a pair of large horns on your
                  | head. [demonic ancestry]
  8826 | D:6      | Reached XP level 8. HP: 54/60 MP: 5/15
  8858 | D:6      | Reached skill level 5 in Necromancy
  9642 | D:5      | Learned a level 3 spell: Ignite Poison
  9649 | D:5      | HP: 2/50 [wight (1)]
 10466 | D:7      | Reached skill level 1 in Staves
 10616 | D:7      | Reached skill level 6 in Necromancy
 10623 | D:7      | Paralysed by a kobold for 4 turns
 11084 | D:7      | Reached skill level 5 in Dodging
 11084 | D:7      | Gained mutation: You have a tail ending in a sharp stinger.
                  | [demonic ancestry]
 11084 | D:7      | Reached XP level 9. HP: 5/66 MP: 0/17
 11401 | D:7      | Noticed Maggie
 11413 | D:7      | HP: 3/66 [Maggie/bolt of fire (22)]
 11434 | D:7      | Mangled by Maggie

Illustrated notes

Levels and vault maps discovered:
D:1:      ncdulo_halloftheorcs, layout_rooms
D:2:      minmay_recursive_quarters, layout_loops_ring
D:3:      layout_rooms, eat_drink_and_be_merry_uskayaw,
          ebering_ecumenical_altar_petrified, minmay_puff
D:4:      layout_cave_pods, mainiacjoe_overflow_catwalk, zin_purify,
          minmay_temple_entry_mist, nicolae_concentric_dashed_squares_mild
D:5:      layout_loops_corners, minmay_lizard_king, uniq_edmund
D:6:      layout_loops_cross, minmay_crystal_water
D:7:      layout_basic, uniq_maggie, uniq_crazy_yiuf_cottage,
          uniq_prince_ribbit1, uniq_harold
Temple:   eino_temple_scatter_basement

Skill      XL: |  1  2  3  4  5  6  7  8 |
---------------+-------------------------+-----
Translocations | 1 |  1.0
Stealth        | 2 |  2.0
Dodging        | 2 3 4 5 |  5.0
Conjurations   | 2 |  2.0
Fighting       | 1 2 3 4 |  4.7
Summonings     | 2 |  2.0
Spellcasting   | 4 5 |  5.6
Necromancy     | 2 4 6 |  6.4
Maces & Flails | 1 2 |  2.9
Staves         | 1 |  1.7

Action                   |  1- 3 |  4- 6 |  7- 9 || total
-------------------------+-------+-------+-------++-------
Melee: Dagger            |    10 |    48 |       ||    58
       Hand axe          |    48 |    28 |       ||    76
       Punch             |     1 |     2 |     1 ||     4
       Headbutt          |     5 |    21 |    28 ||    54
       Tailslap          |     4 |    13 |    22 ||    39
       Kick              |       |    31 |     2 ||    33
       Mace              |       |    39 |    37 ||    76
       Staff             |       |       |    97 ||    97
 Cast: Magic Dart        |    87 |    91 |    35 ||   213
       Call Imp          |     2 |    13 |    12 ||    27
       Blink             |     1 |     6 |     2 ||     9
       Pain              |       |       |    20 ||    20
       Vampiric Draining |       |       |    11 ||    11
       Mephitic Cloud    |       |       |     2 ||     2
       Animate Skeleton  |       |       |     2 ||     2
Evoke: Wand              |       |       |     2 ||     2
  Use: Potion            |     2 |     1 |     3 ||     6
       Scroll            |       |       |     5 ||     5
 Stab: Sleeping          |     1 |       |     1 ||     2
       Distracted        |       |     1 |       ||     1
       Confused          |       |       |     1 ||     1
Armor: Robe              |     7 |    19 |    39 ||    65
Dodge: Dodged            |    39 |    81 |   125 ||   245

Table legend: (Time is in decaauts)
 A = Elapsed time spent in this place.
 B = Non-inter-level travel time spent in this place.
 C = Inter-level travel time spent in this place.
 D = Time resting spent in this place.
 E = Time spent auto-exploring this place.
 F = Levels seen in this place.
 G = Mean time per level.
                   A        B        C        D        E       F      G
               +--------+--------+--------+--------+--------+-----+--------+
         Total |  11480 |  11268 |    212 |    737 |   8896 |   8 | 1435.0 |
       Dungeon |  11254 |  11060 |    194 |    737 |   8736 |   7 | 1607.7 |
        Temple |    226 |    208 |     18 |      0 |    160 |   1 |  226.0 |
               +--------+--------+--------+--------+--------+-----+--------+

Top non-repeatable levels by time:
     D:5: 2792 daAuts
     D:1: 1933 daAuts
     D:2: 1626 daAuts
     D:3: 1491 daAuts
     D:4: 1266 daAuts
     D:6: 1156 daAuts
     D:7: 987 daAuts
  Temple: 226 daAuts
